 Dungeon Crawl Stone Soup version 0.25-a0-614-g73ad250 (webtiles) character file.

Game seed: 10887518543539616741, levelgen mode: deterministic

76559 Faca the Warrior (level 15, -8/133 HPs)
             Began as a Barachi Fighter on Mar 17, 2020.
             Was the Champion of Cheibriados.
             Killed by divine providence
             ... invoked by an orc high priest
              (9 damage)
             ... on level 2 of the Orcish Mines on Mar 18, 2020.
             The game lasted 00:56:37 (25864 turns).

Faca the Warrior (Barachi Fighter)                 Turns: 25864, Time: 00:56:37

Health: -8/133     AC: 26    Str: 38    XL:     15   Next: 53%
Magic:  11/20      EV:  9    Int: 25    God:    Cheibriados [******]
Gold:   2099       SH: 12    Dex: 26    Spells: 14/14 levels left

rFire    + . .     SeeInvis +   Q - +2 demon blade (flame)
rCold    + . .     Gourm    .   N - +3 warlock's mirror {reflect}
rNeg     . . .     Faith    +   P - +0 plate armour
rPois    .         Spirit   .   S - +1 helmet
rElec    .         Reflect  +   R - scarf {rC+ rF+}
rCorr    .         Harm     .   n - +0 pair of gloves
MR       +....                  g - +0 pair of boots
Stlth    ..........             G - amulet of faith
HPRegen  0.32/turn              u - +5 ring of protection
MPRegen  0.17/turn              A - ring of see invisible

@: lightly drained, very slow
A: +LOS, swims, slowness 1, strong legs 2
a: Hop, Bend Time, Temporal Distortion, Slouch, Step From Time, Renounce
Religion


You were on level 2 of the Orcish Mines.
You worshipped Cheibriados.
Cheibriados was exalted by your worship.
You were hungry.

You visited 4 branches of the dungeon, and saw 21 of its levels.
You also visited: Ossuary and Volcano.

You collected 2099 gold pieces.

Inventory:

Hand Weapons
 t - the +4 whip of a ziggurat {vorpal, rPois MR++}
   (You found it on level 4 of the Dungeon)

   It inflicts extra damage upon your enemies.
   It protects you from poison.
   It affects your resistance to hostile enchantments.
 x - a +2 dagger of draining
 Q - a +2 demon blade of flaming (weapon)
Missiles
 v - 2 boomerangs (quivered)
 y - 2 silver boomerangs
 D - 5 throwing nets
 O - 5 javelins
Armour
 g - a +0 pair of boots (worn)
 n - a +0 pair of gloves (worn)
 N - the +3 warlock's mirror (worn) {reflect}
   (You found it on level 12 of the Dungeon)
 P - a +0 plate armour (worn)
 R - a scarf of resistance (worn)
 S - a +1 helmet (worn)
Jewellery
 c - a +3 ring of strength
 s - an uncursed ring of protection from fire
 u - a +5 ring of protection (left hand)
 A - a ring of see invisible (right hand)
 G - an amulet of faith (around neck)
 I - an uncursed ring of resist corrosion
Wands
 a - a wand of acid (8)
 j - a wand of paralysis (3)
 l - a wand of clouds (4)
 C - a wand of digging (8)
 E - a wand of flame (74)
 F - a wand of polymorph (26)
 M - a wand of iceblast (23)
Scrolls
 b - 6 scrolls of teleportation
 i - 3 scrolls of fear
 k - 10 scrolls of remove curse
 m - 3 scrolls of immolation
 p - 2 scrolls of enchant armour
 w - 5 scrolls of fog
 z - 3 scrolls of magic mapping
 L - 7 scrolls of identify
Potions
 d - 4 potions of might
 e - 5 potions of mutation
 h - 6 potions of curing
 o - 2 potions of lignification
 q - 6 potions of flight
 r - 5 potions of invisibility
 B - 2 potions of ambrosia
 H - 2 potions of cancellation
 J - 3 potions of resistance
Comestibles
 f - 36 rations


   Skills:
 + Level 16.8(16.1) Fighting
 + Level 16.6(15.9) Long Blades
 + Level 13.9(13.2) Armour
 + Level 12.9(12.3) Shields
 + Level 6.7(6.2) Invocations


You had 14 spell levels left.
You didn't know any spells.
Your spell library contained the following spells:

 Spells                   Type           Power        Failure   Level  Hunger
 Call Imp                 Summ           #.......     65%         2    ###....
 Call Canine Familiar     Summ           #.......     86%         3    ####...
 Gell's Gravitas          Tloc           #.........   86%         3    ####...
 Ignite Poison            Fire/Tmut/Pois #.......     86%         3    ####...
 Fireball                 Conj/Fire      #.........   100%        5    ######.
 Irradiate                Conj/Tmut      #.........   100%        5    ######.
 Dispersal                Tloc           #.........   100%        6    #######
 Hydra Form               Tmut           #.........   100%        6    #######
 Starburst                Conj/Fire      #.........   100%        6    #######
 Statue Form              Tmut/Erth      #........    100%        6    #######
 Dragon Form              Tmut           #.........   100%        7    #######
 Ring of Flames           Chrm/Fire      #.........   100%        7    #######
 Ignition                 Fire           #.........   100%        8    #######


Dungeon Overview and Level Annotations

Branches:
Dungeon (12/15)            Temple (1/1) D:6            Lair (6/6) D:10
 Shoals (0/4) Lair:3        Snake (0/4) Lair:4        Slime (0/5) Lair:6
    Orc (2/2) D:12            Elf (0/3) Orc:2       Ossuary (visited)
Volcano (visited)

Altars:
Ashenzari
Cheibriados
Dithmenos
Elyvilon
Fedhas
Gozag
Hepliaklqana
Kikubaaqudgha
Makhleb
Nemelex Xobeh
Ru
Sif Muna
Trog
Vehumet
Xom
Yredelemnul
Zin
The Shining One
Beogh

Shops:
D:12 }

Annotations:
D:5 3 runed translucent doors, flotson's ghost, novice OpAs
D:8 1 runed translucent door, krigyl's ghost, novice VSFi
D:9 3 runed translucent doors, RancidPinata's ghost, novice GrGl
Lair:3 exclusion: 4 oklob plants


Innate Abilities, Weirdness & Mutations

You can be seen from farther away. (+LOS)
You can swim through water.
You cover ground slowly.
You can hop long distances.


Message History

The orc high priest hits you but does no damage.
The orc wizard mumbles some strange words.
The orc wizard flickers and vanishes for a moment.
The hellwing hits you but does no damage.
The hellwing misses you.
You can feel time thicken for a moment.
You kill the orc warlord!
Cheibriados thoroughly appreciates the change of pace.
You kill the ufetubus!
You kill the orc wizard!
Cheibriados thoroughly appreciates the change of pace.
You kill the ufetubus! x2; You kill the ynoxinul!
The ufetubus disappears in a puff of smoke! x4
You kill the orc priest!
Cheibriados thoroughly appreciates the change of pace.
You feel somewhat more hungry. You block the orange demon's attack.
The hellwing hits you but does no damage.
You block the hellwing's attack.
The orc high priest calls down the wrath of Beogh upon you.
Beogh smites you!
You die...

. ..## .. ...# ... ...
.... ##..# ###
.....########.#.## ##.###
......§8...#.....###...#.
.....§§§)...#.#.##.#.....
_)...)4)@4)....##.....#..
......o)).)))..#()....##.
.......8.)#))..).).......
...[.#######....#......))
.... ###.####...... ...
### ##..... .. ##.... .
####. ##


You could see an orc high priest, an orange demon and a hellwing.

Vanquished Creatures
  Rupert (Lair:3)
  Gastronok (Lair:2)
  An orc warlord (Orc:2)
  The ghost of Qiqej the Warrior, a journeyman MiGl of Gozag (Lair:5)
  Snorg (Lair:5)
  A red draconian (Volcano)
  Josephine (D:11)
  12 hydras
  Harold (D:7)
  Erolcha (D:9)
  Erica (Orc:1)
  A merfolk avatar (Lair:6)
  9 two-headed ogres
  An ogre mage (Volcano)
  3 death yaks (Lair:6)
  2 sea snakes (Lair:6)
  10 wizards (D:12)
  A harpy (Lair:6)
  3 orc knights (Orc:2)
  A deep elf mage (D:12)
  2 manticores
  5 orc sorcerers
  3 cyclopes
  16 elephants
  A merfolk siren (Lair:3)
  Joseph (D:7)
  4 black mambas
  2 gargoyles (D:12)
  6 spiny frogs
  6 rime drakes
  6 komodo dragons
  A red devil (D:12)
  6 trolls
  4 hornets
  5 polar bears
  Prince Ribbit (D:6)
  A wind drake (Lair:6)
  8 blink frogs
  10 hippogriffs
  16 yaks
  4 wraiths
  A wyvern (Lair:6)
  2 basilisks (Lair:1)
  3 hungry ghosts
  Menkaure (Ossuary)
  2 nagas (Lair:4)
  4 wargs
  Duvessa (D:7)
  8 water moccasins
  6 porcupines
  17 orc warriors
  An ice beast (D:9)
  A black bear (Lair:5)
  2 sky beasts
  4 boggarts (Lair:5)
  11 ogres
  21 wolves
  2 centaurs
  20 crocodiles
  Blork the orc (Orc:2)
  8 big kobolds
  4 gnoll sergeants
  14 bullfrogs
  Dowan (D:7)
  5 scorpions
  5 wights (D:8)
  2 howler monkeys
  2 electric eels (D:7)
  3 centaur zombies
  6 crimson imps
  3 centaur skeletons
  2 bullfrog skeletons
  15 orc priests
  8 hounds
  3 iguanas
  2 jellies
  22 orc wizards
  9 worker ants
  3 ogre zombies (Ossuary)
  A hound zombie (D:5)
  A hound skeleton (D:6)
  6 mummies (Ossuary)
  A worker ant zombie (D:11)
  18 gnolls
  9 adders
  3 shadow imps
  An ooze (D:6)
  4 adder zombies
  2 adder skeletons
  A dart slug (D:1)
  6 leopard geckos
  57 orcs
  8 bats
  10 giant cockroaches
  4 goblins
  8 hobgoblins
  8 jackals
  22 kobolds
  8 quokkas
  A ball python (D:1)
  4 frilled lizards
  6 goblin zombies (Ossuary)
  3 hobgoblin zombies (Ossuary)
  3 kobold zombies (Ossuary)
  A quokka skeleton (D:4)
  6 quokka zombies
  11 rats
  6 rat zombies (Ossuary)
  A spectral orc (D:4)
  A plant (D:10)
607 creatures vanquished.

Vanquished Creatures (others)
  A wizard (D:12)
  9 fungi
  15 plants
  2 withered plants (D:8)
27 creatures vanquished.

Grand Total: 634 creatures vanquished

Notes
Turn   | Place    | Note
-------+----------+-------------------------------------------
     0 | D:1      | Faca the Barachi Fighter began the quest for the Orb.
     0 | D:1      | Reached XP level 1. HP: 18/18 MP: 1/1
   166 | D:1      | Reached XP level 2. HP: 22/25 MP: 2/2
   399 | D:1      | Reached XP level 3. HP: 24/31 MP: 3/3
  1199 | D:2      | Found a glowing golden altar of the Shining One.
  1199 | D:2      | Found a white marble altar of Elyvilon.
  1200 | D:2      | Found a glowing silver altar of Zin.
  1435 | D:2      | Found a faded altar of an unknown god.
  1486 | D:2      | Found a sacrificial altar of Ru.
  1672 | D:3      | Reached XP level 4. HP: 38/38 MP: 4/4
  1692 | D:3      | Reached skill level 5 in Fighting
  1990 | D:3      | Reached XP level 5. HP: 43/44 MP: 5/5
  2318 | D:3      | Found a shimmering altar of Xom.
  2871 | D:4      | Got a dazzling whip
  2872 | D:4      | Identified the +4 whip of a ziggurat {vorpal, rPois MR++}
                  | (You found it on level 4 of the Dungeon)
  2929 | D:4      | Reached skill level 5 in Long Blades
  3227 | D:4      | Found a basalt altar of Yredelemnul.
  3574 | D:4      | Found an opulent altar of Gozag.
  3657 | D:5      | Entered Level 5 of the Dungeon
  3736 | D:5      | Reached XP level 6. HP: 42/52 MP: 6/6
  3814 | D:5      | Found a shimmering blue altar of Sif Muna.
  3912 | D:5      | Noticed flotson's ghost (novice OpAs)
  3937 | D:5      | Found a runed translucent gate.
  3937 | D:5      | Found a runed translucent gate.
  3937 | D:5      | Found a runed translucent gate.
  4189 | D:5      | Reached XP level 7. HP: 30/60 MP: 7/7
  5072 | D:6      | Identified Sif Muna's Almanac of the Entourage and
                  | Orientation
  5098 | D:6      | Found a staircase to the Ecumenical Temple.
  5104 | Temple   | Entered the Ecumenical Temple
  5112 | Temple   | Became a worshipper of Cheibriados the Contemplative
  5444 | D:6      | Reached XP level 8. HP: 31/68 MP: 8/8
  5982 | D:6      | Reached * piety under Cheibriados
  6015 | D:6      | Got a brightly glowing hand axe
  6016 | D:6      | Identified the cursed +2 hand axe of Cistyoq {vorpal, rN+
                  | MR+ Int-4} (You found it on level 6 of the Dungeon)
  6219 | D:6      | Found a shattered altar of Ashenzari.
  6537 | D:7      | Noticed Prince Ribbit
  6811 | D:7      | Noticed Joseph
  6813 | D:7      | Noticed Harold
  6815 | D:7      | Noticed Duvessa
  7034 | D:7      | Killed Harold
  7034 | D:7      | Reached skill level 10 in Fighting
  7034 | D:7      | Reached skill level 10 in Long Blades
  7034 | D:7      | Reached XP level 9. HP: 42/79 MP: 9/9
  7049 | D:7      | Killed Joseph
  7054 | D:7      | Noticed Dowan
  7066 | D:7      | Found a transporter.
  7401 | D:6      | Killed Prince Ribbit
  7542 | D:7      | Killed Duvessa
  7548 | D:7      | Killed Dowan
  7663 | D:7      | Reached ** piety under Cheibriados
  7684 | D:7      | Found a transporter.
  8140 | D:8      | Found a shadowy altar of Dithmenos.
  8186 | D:8      | Reached XP level 10. HP: 88/88 MP: 10/10
  8343 | D:8      | Reached *** piety under Cheibriados
  8353 | D:8      | Found a runed translucent door.
  8354 | D:8      | Noticed krigyl's ghost (novice VSFi)
  8483 | D:8      | Found a bloodstained altar of Trog.
  8518 | D:8      | Reached skill level 5 in Armour
  8526 | D:8      | Found a sand-covered staircase.
  8540 | Ossuary  | Entered an ossuary
  8759 | Ossuary  | Reached **** piety under Cheibriados
  8947 | Ossuary  | Noticed Menkaure
  8952 | Ossuary  | Killed Menkaure
  9333 | D:8      | Reached skill level 5 in Shields
  9610 | D:9      | Found a hazy altar of Hepliaklqana.
  9933 | D:9      | Reached ***** piety under Cheibriados
  9968 | D:9      | Found a sparkling altar of Nemelex Xobeh.
  9975 | D:9      | Noticed Erolcha
  9989 | D:9      | Killed Erolcha
 10626 | D:9      | Found a runed translucent gate.
 10626 | D:9      | Found a runed translucent gate.
 10627 | D:9      | Found a runed translucent gate.
 10630 | D:9      | Noticed RancidPinata's ghost (novice GrGl)
 10720 | D:10     | Entered Level 10 of the Dungeon
 10976 | D:10     | Found the +4 skin of Zhor {Englaciate rC+++ SInv}
 11132 | D:10     | Reached XP level 11. HP: 96/96 MP: 11/11
 11403 | D:10     | Noticed a two-headed ogre
 11413 | D:10     | Killed a two-headed ogre
 11683 | D:10     | Found a staircase to the Lair.
 11777 | D:10     | Noticed a four-headed hydra
 11799 | D:10     | Killed a four-headed hydra
 12066 | D:11     | Noticed a manticore
 12075 | D:11     | Killed a manticore
 12512 | D:11     | Noticed Josephine
 12523 | D:11     | Killed Josephine
 12614 | D:11     | Reached ****** piety under Cheibriados
 12640 | D:11     | Noticed a cyclops
 12651 | D:11     | Killed a cyclops
 12795 | D:11     | Noticed a cyclops
 12800 | D:11     | Killed a cyclops
 13052 | D:12     | Noticed a two-headed ogre
 13059 | D:12     | Killed a two-headed ogre
 13082 | D:12     | Found Anocwu's Gadget Emporium.
 13082 | D:12     | Noticed an eight-headed hydra
 13082 | D:12     | Noticed a deep elf mage
 13695 | D:11     | Killed an eight-headed hydra
 13839 | D:12     | Reached XP level 12. HP: 105/105 MP: 12/12
 14333 | D:12     | Found a basalt altar of Yredelemnul.
 14359 | D:12     | Found a staircase to the Orcish Mines.
 14865 | D:12     | Paralysed by a wizard for 2 turns
 14871 | D:12     | Reached skill level 10 in Armour
 15052 | D:12     | Paralysed by a wizard for 3 turns
 15538 | D:12     | Found the +3 warlock's mirror {reflect}
 15775 | Lair:1   | Entered Level 1 of the Lair of Beasts
 15907 | Lair:1   | Reached skill level 10 in Shields
 16137 | Lair:1   | Gained mutation: You can hop long distances. [Barachi
                  | growth]
 16137 | Lair:1   | Reached XP level 13. HP: 95/114 MP: 13/13
 17117 | Lair:2   | Noticed Gastronok
 17138 | Lair:2   | Killed Gastronok
 17138 | Lair:2   | Reached skill level 15 in Fighting
 17138 | Lair:2   | Reached skill level 1 in Invocations
 18041 | Lair:3   | Found a dark tunnel.
 18141 | Volcano  | Entered a volcano
 18177 | Volcano  | Reached skill level 15 in Long Blades
 18207 | Volcano  | Found a radiant altar of Vehumet.
 18208 | Volcano  | Noticed a red draconian
 18239 | Volcano  | Killed a red draconian
 18625 | Lair:3   | Noticed Rupert
 18639 | Lair:3   | Killed Rupert
 18984 | Lair:3   | Reached XP level 14. HP: 123/123 MP: 16/16
 19310 | Lair:3   | Found a staircase to the Shoals.
 20513 | Lair:4   | Found a staircase to the Snake Pit.
 21007 | Lair:5   | Found a bloodstained altar of Trog.
 21248 | Lair:5   | Noticed Snorg
 21889 | Lair:5   | Killed Snorg
 22168 | Lair:5   | Found a runed translucent door.
 22170 | Lair:5   | Noticed Qiqej's ghost (journeyman MiGl)
 22180 | Lair:5   | Reached skill level 5 in Invocations
 22200 | Lair:5   | Killed Qiqej's ghost
 22672 | Lair:6   | Entered Level 6 of the Lair of Beasts
 22826 | Lair:6   | Found a staircase to the Slime Pits.
 22864 | Lair:6   | Paralysed by a hornet for 2 turns
 23278 | Lair:6   | Reached XP level 15. HP: 95/132 MP: 19/19
 23996 | Lair:6   | Got a warped fustibalus
 23997 | Lair:6   | Identified the +4 fustibalus "Killer Bee's Peril" {speed,
                  | +Inv} (You found it on level 6 of the Lair of Beasts)
 24333 | Orc:1    | Entered Level 1 of the Orcish Mines
 24333 | Orc:1    | Noticed Erica
 24351 | Orc:1    | Killed Erica
 24780 | Orc:2    | Entered Level 2 of the Orcish Mines
 25084 | Orc:2    | Found a staircase to the Elven Halls.
 25402 | Orc:2    | Paralysed by an orc sorcerer for 2 turns
 25691 | Orc:2    | Paralysed by an orc sorcerer for 3 turns
 25804 | Orc:2    | Noticed Blork the orc
 25823 | Orc:2    | Noticed an orc warlord
 25835 | Orc:2    | Found a roughly hewn altar of Beogh.
 25837 | Orc:2    | Killed Blork the orc
 25863 | Orc:2    | HP: 1/132 [ynoxinul[an orc high priest] (8)]
 25864 | Orc:2    | Killed an orc warlord
 25864 | Orc:2    | Killed from afar by an orc high priest

Levels and vault maps discovered:
D:1:      co_arrival_random_square_maze, layout_basic
D:2:      layout_loops_ring, good_gods_temple_1, marbit_many_paths,
          first_ration, chequers_ecumenical_altar_twisty, serial_park_tiny_1
D:3:      layout_loops_corners, xom_butterflies, kennysheep_generic_room_5
D:4:      layout_loops_ring, lemuel_coloured_pillars_altar,
          yredelemnul_forgotten_temple_becter
D:5:      layout_loops_corners, kennysheep_little_box, gammafunk_ghost_split
D:6:      layout_cave_pods, ashenzari_conservatory_becter,
          minmay_temple_entry_hall, minmay_joined_circles
D:7:      gammafunk_steamed_eel, layout_loops_ring, uniq_joseph, uniq_duvessa,
          uniq_prince_ribbit1, uniq_harold
D:8:      layout_basic, lemuel_crystal_altar, lemuel_crystal_altar,
          enter_ossuary_1, gammafunk_ghost_grave
D:9:      layout_roguey, nemelex_altar_shiori, lemuel_crystal_altar,
          gammafunk_ghost_spectres, blue_anna_alchemist [blue_anna_fruit_fields,
          blue_anna_fruit_fields], uniq_erolcha
D:10:     layout_loops_cross, david_lair_shrubbed
D:11:     layout_loops_corners, uniq_josephine
D:12:     minmay_smoke_and_mirrors, layout_rooms,
          kennysheep_orc_monster_closet_entryway, serial_shops, shop,
          lemuel_hellish_altar
Temple:   compressed_dpeg_triangle_lava_temple
Lair:1:   layout_gridlike, chequers_serial_rivers_room_b
Lair:2:   layout_small_grid, minivault_23, serial_bayou_ford_a, st_stairs_4,
          uniq_gastronok
Lair:3:   layout_chaotic_city, minmay_shoals_entry_lonely_mermaid,
          serial_forest, infiniplex_forest_end_2, infiniplex_forest_end_double,
          infiniplex_forest_lined_room_2, infiniplex_forest_clump_double,
          infiniplex_forest_3_way, infiniplex_forest_diagonal,
          infiniplex_forest_straight_2, infiniplex_forest_end_3,
          infiniplex_forest_lined_corner, enter_volcano_4,
          minmay_lair_oklob_chamber, lemuel_fruit_tree, uniq_rupert
Lair:4:   layout_roguey, guppyfry_snake_entry_garden, serial_forest,
          infiniplex_forest_end_double, infiniplex_forest_straight_2,
          infiniplex_forest_lined_1, infiniplex_forest_clump_medium,
          infiniplex_forest_corner_2, infiniplex_forest_lined_room_,
          infiniplex_forest_clump_long, infiniplex_forest_lined_room_3,
          infiniplex_forest_zigzag_1
Lair:5:   layout_cave_pods, basic_altar, ebering_ghost_inner_flame,
          kilobyte_rumbling_trees, uniq_snorg
Lair:6:   gammafunk_lair_ancient_temple, layout_regular_city, slime_dummy
Orc:1:    layout_caves, basic_altar, uniq_erica
Orc:2:    grunt_orc_cross, layout_caves

Skill      XL: |  1  2  3  4  5  6  7  8  9 10 11 12 13 14 15 |
---------------+----------------------------------------------+-----
Fighting       | 4 5 6 7 8 10 11 12 13 14 15 16 | 16.8
Long Blades    | 3 4 5 6 7 10 11 12 13 14 15 16 | 16.6
Armour         | 4 7 9 10 12 13 | 13.9
Shields        | 4 6 8 10 11 12 | 12.9
Invocations    | 3 5 6 |  6.7

Action                   |  1- 3 |  4- 6 |  7- 9 | 10-12 | 13-15 || total
-------------------------+-------+-------+-------+-------+-------++-------
Melee: Long sword        |   140 |   239 |   376 |   430 |       ||  1185
       Scimitar          |       |       |       |   384 |   197 ||   581
       Dagger            |       |       |       |    37 |    49 ||    86
       Demon blade       |       |       |       |       |   685 ||   685
Throw: Boomerang         |       |       |       |    28 |    29 ||    57
Invok: Slouch            |       |       |       |       |     2 ||     2
 Abil: Hop               |       |       |       |       |     5 ||     5
Evoke: Wand              |       |       |     4 |     8 |     7 ||    19
  Use: Scroll            |     7 |     3 |    10 |    13 |    10 ||    43
       Potion            |       |       |     2 |     1 |     2 ||     5
 Stab: Paralysed         |       |       |       |     5 |     1 ||     6
       Petrified         |       |       |       |       |     4 ||     4
       Confused          |       |       |       |       |     6 ||     6
  Eat: Chunk             |     3 |     6 |    11 |    15 |    15 ||    50
       Ration            |       |     1 |       |     2 |     1 ||     4
Armor: Scale mail        |    72 |    50 |       |       |       ||   122
       Chain mail        |       |    87 |   197 |   115 |       ||   399
       Plate armour      |       |       |       |   303 |   556 ||   859
Dodge: Dodged            |    41 |    80 |    79 |   170 |   280 ||   650
Block: Kite shield       |    86 |   151 |   175 |   545 |       ||   957
       Buckler           |       |       |       |    37 |   545 ||   582
       Reflection        |       |       |       |     1 |    20 ||    21
       Rpst.: Long sword |    11 |    28 |    26 |    19 |       ||    84
       Scimitar          |       |       |       |    15 |    11 ||    26
       Demon blade       |       |       |       |       |    49 ||    49

Table legend:
 A = Non-vault XP
 B = Vault XP
 C = Vault XP percentage of total XP
 D = Non-vault monster count
 E = Vault monster count
 F = Vault count percentage of total count
                 A         B        C        D         E       F
            +---------+---------+-------+---------+---------+-------
      Total |   55383 |   53988 |  49.4 |     421 |     186 |  30.6
            +---------+---------+-------+---------+---------+-------
        D:1 |      51 |       0 |   0.0 |      29 |       0 |   0.0
        D:2 |      24 |       1 |   4.0 |       9 |       1 |  10.0
        D:3 |     129 |       3 |   2.3 |      28 |       2 |   6.7
        D:4 |      90 |       1 |   1.1 |       5 |       1 |  16.7
        D:5 |     453 |       0 |   0.0 |      24 |       0 |   0.0
        D:6 |     687 |     703 |  50.6 |      24 |      11 |  31.4
        D:7 |     631 |    1762 |  73.6 |      19 |       6 |  24.0
        D:8 |    1004 |       0 |   0.0 |      26 |       0 |   0.0
        D:9 |    1410 |    1022 |  42.0 |      13 |       2 |  13.3
       D:10 |    3173 |     355 |  10.1 |      26 |       1 |   3.7
       D:11 |    3684 |    1640 |  30.8 |      22 |       4 |  15.4
       D:12 |    3531 |    8920 |  71.6 |      27 |      32 |  54.2
     Lair:1 |    4294 |       0 |   0.0 |      25 |       0 |   0.0
     Lair:2 |    3288 |    3322 |  50.3 |      13 |       2 |  13.3
     Lair:3 |    6208 |    3888 |  38.5 |      21 |       6 |  22.2
     Lair:4 |    2859 |     329 |  10.3 |      12 |       2 |  14.3
     Lair:5 |    9275 |    4604 |  33.2 |      27 |      10 |  27.0
     Lair:6 |   10292 |   10798 |  51.2 |      27 |      28 |  50.9
      Orc:1 |    3547 |     923 |  20.6 |      27 |       1 |   3.6
      Orc:2 |     753 |    7756 |  91.2 |      17 |      32 |  65.3
    Ossuary |       0 |     485 | 100.0 |       0 |      37 | 100.0
    Volcano |       0 |    7476 | 100.0 |       0 |       8 | 100.0
            +---------+---------+-------+---------+---------+-------
